 Dungeon Crawl Stone Soup version 0.29-a0-344-ge2f44be95a (webtiles) character file.

Game seed: 8116132107813169641

3434 Morbidden the Grappler (level 9, -11/124 HPs)
             Began as a Troll Air Elementalist on Apr 21, 2022.
             Was a Believer of Vehumet.
             Mangled by an eight-headed hydra (15 damage)
             ... on level 7 of the Dungeon.
             The game lasted 00:09:35 (9039 turns).

Morbidden the Grappler (Troll Air Elementalist)     Turns: 9039, Time: 00:09:36

Health: -11/124    AC:  5    Str: 18    XL:     9   Next: 77%
Magic:  13/13      EV: 14    Int: 15    God:    Vehumet [**....]
Gold:   506        SH:  0    Dex: 10    Spells: 5/15 levels left

rFire   + . .      SeeInvis .     - Unarmed
rCold   . . .      Faith    .   (no shield)
rNeg    . . .      Spirit   .   a - +0 robe
rPois   .          Reflect  .   (helmet restricted)
rElec   .          Harm     .   m - +0 cloak
rCorr   .          Rampage  .   (gloves unavailable)
Will    .....                   (boots unavailable)
Stlth   ..........              (no amulet)
HPRegen 1.10/turn               c - +4 ring of evasion
MPRegen 0.13/turn               n - ring of protection from fire

@: berserking, very quick
A: large, unfitting armour, claws 3, regeneration 1, shaggy fur 1, tough skin 1
a: Renounce Religion


You were on level 7 of the Dungeon.
You worshipped Vehumet.
Vehumet was pleased with you.
You visited 2 branches of the dungeon, and saw 9 of its levels.

You collected 506 gold pieces.

Inventory:

Missiles
 e - 3 boomerangs
 q - 6 large rocks (quivered)
Armour
 a - a +0 robe (worn)
 m - a +0 cloak (worn)
Jewellery
 c - a +4 ring of evasion (left claw)
 n - a ring of protection from fire (right claw)
Wands
 d - a wand of paralysis (9)
Scrolls
 j - 4 scrolls of teleportation
 l - 3 scrolls of identify
 p - a scroll of silence
 s - a scroll of brand weapon {unknown}
Potions
 b - 4 potions of magic
 f - 5 potions of curing
 g - a potion of degeneration
 h - a potion of attraction
 i - a potion of invisibility
 k - 2 potions of mutation
 o - a potion of might


   Skills:
 * Level 3.4 Fighting
 + Level 0.2 Throwing
 + Level 4.2 Dodging
 + Level 1.7 Stealth
 * Level 8.3 Unarmed Combat
 * Level 3.9 Spellcasting
 + Level 1.8 Conjurations
 * Level 1.7 Necromancy
 * Level 4.1 Air Magic


You had 5 spell levels left.
You knew the following spells:

 Your Spells              Type           Power      Damage    Failure   Level
a - Shock                 Conj/Air       44%        1d5       5%          1
b - Static Discharge      Conj/Air       11%        N/A       9%          2
c - Airstrike             Air            7%         N/A       32%         4
d - Vampiric Draining     Necr           8%         2d6       26%         3

Your spell library contained the following spells:

 Spells                   Type           Power      Damage    Failure   Level
 Freeze                   Ice            8%         1d3       19%         1
 Animate Skeleton         Necr           16%        N/A       9%          1
 Swiftness                Air            15%        N/A       10%         3
 Sublimation of Blood     Necr           8%         N/A       14%         2
 Apportation              Tloc           4%         N/A       19%         1
 Slow                     Hex            8%         N/A       19%         1
 Summon Small Mammal      Summ           8%         N/A       19%         1
 Confusing Touch          Hex            2%         N/A       50%         3
 Petrify                  Tmut/Erth      2%         N/A       88%         4
 Irradiate                Conj/Tmut      2%         3d14      98%         5


Dungeon Overview and Level Annotations

Branches:
Dungeon (8/15)             Temple (1/1) D:4
   Lair: D:8-11

Altars:
Ashenzari
Cheibriados
Dithmenos
Elyvilon
Fedhas
Gozag
Hepliaklqana
Kikubaaqudgha
Makhleb
Nemelex Xobeh
Okawaru
Qazlal
Ru
Sif Muna
Trog
Uskayaw
Vehumet
Wu Jian
Xom
Yredelemnul
Zin
The Shining One

Shops:
D:3 *   D:7 (

Annotations:
D:2 1 runed translucent door, Crazy Yiuf
D:6 1 transporter, 1 exclusion, Jortsu's ghost, novice DsFi
D:8 Pikel


Innate Abilities, Weirdness & Mutations

You are too large for most types of armour.
You have claws for hands.
Your natural rate of healing is unusually fast.
You are covered in fur. (AC +1)
You have tough skin. (AC +1)


Message History

The five-headed hydra closely misses you.
The five-headed hydra bites you!
Unknown command.
The five-headed hydra misses you. The five-headed hydra bites you!
The five-headed hydra closely misses you.
The five-headed hydra bites you. x2
You climb upwards.
There is a stone staircase leading down here.
Unknown command.
Unknown command.
Unknown command.
Okay, then.
Okay, then.
A red film seems to cover your vision as you go berserk!
You feel yourself moving faster!
You feel mighty! The five-headed hydra bites you!
The five-headed hydra bites you. The five-headed hydra misses you.
The five-headed hydra bites you but does no damage.
The five-headed hydra bites you.
Unknown command.
You rip one of the five-headed hydra's heads off!
The four-headed hydra grows two more!
You mangle the six-headed hydra!!
The six-headed hydra is moderately wounded.
The six-headed hydra bites you! x3
The six-headed hydra bites you but does no damage.
The six-headed hydra bites you!
* * * LOW HITPOINT WARNING * * *
The six-headed hydra bites you!
* * * LOW HITPOINT WARNING * * *
You tear one of the six-headed hydra's heads off!
The five-headed hydra grows two more!
You claw the seven-headed hydra! x2
The seven-headed hydra is heavily wounded.
You tear one of the seven-headed hydra's heads off!
The six-headed hydra grows two more!
You mangle the eight-headed hydra!!
The eight-headed hydra is severely wounded.
The eight-headed hydra bites you!
* * * LOW HITPOINT WARNING * * *
The eight-headed hydra barely misses you.
The eight-headed hydra bites you!
You die...

###### .....#
####.#############
([.[............@#
####.##########.D#
#.#........#..#
#.#...........###########
#.#............[........#
#.#...........#########.#
#.#.........###########.#
#.#.........#≈≈≈≈≈≈≈≈≈#.#
####.#.....................#


You could see an eight-headed hydra.

Vanquished Creatures
  Grinder (D:5)
  A vampire (D:7)
  2 wyverns
  A steam dragon (D:6)
  A water moccasin (D:4)
  2 ice beasts
  A black bear (D:6)
  A centaur (D:7)
  3 phantoms
  2 bullfrogs (D:7)
  5 necrophages
  3 scorpions
  3 wights
  4 killer bees (D:7)
  A howler monkey (D:6)
  5 hounds
  2 jellies
  5 gnoll shamans
  3 orc priests
  2 iguanas
  6 orc wizards
  Natasha (thrice) (D:2)
  12 gnolls
  7 adders
  A white imp (D:5)
  An ufetubus (D:7)
  2 worms
  19 orcs
  5 endoplasms
  2 giant cockroaches (D:2)
  8 goblins
  3 hobgoblins
  9 jackals
  3 quokkas (D:1)
  12 ball pythons
  10 bats
  8 frilled lizards
  5 kobolds
  5 rats
169 creatures vanquished.

Vanquished Creatures (others)
  10 plants (D:6)
10 creatures vanquished.

Grand Total: 179 creatures vanquished

Notes
Turn   | Place    | Note
-------+----------+-------------------------------------------
     0 | D:1      | Morbidden the Troll Air Elementalist began the quest for
                  | the Orb.
     0 | D:1      | Reached XP level 1. HP: 16/16 MP: 1/1
   137 | D:1      | Found a faded altar of an unknown god.
   247 | D:1      | Reached XP level 2. HP: 24/24 MP: 3/3
  1063 | D:2      | Learned a level 2 spell: Static Discharge
  1073 | D:2      | Reached XP level 3. HP: 31/31 MP: 4/4
  1275 | D:2      | Found a shadowy altar of Dithmenos.
  1369 | D:2      | Reached skill level 1 in Unarmed Combat
  1480 | D:2      | Noticed Natasha
  1501 | D:2      | Killed Natasha
  1733 | D:2      | Reached XP level 4. HP: 40/40 MP: 5/5
  1811 | D:2      | Found a runed translucent door.
  1812 | D:2      | Noticed Crazy Yiuf
  1843 | D:2      | Noticed Natasha
  1853 | D:2      | Killed Natasha
  2108 | D:2      | Noticed Natasha
  2118 | D:2      | Killed Natasha
  2119 | D:2      | Reached skill level 2 in Unarmed Combat
  2141 | D:2      | Found a shadowy altar of Dithmenos.
  2578 | D:3      | Found an opulent altar of Gozag.
  2590 | D:3      | Found Gozag's Platinum Reserve.
  3248 | D:3      | Reached XP level 5. HP: 46/46 MP: 0/6
  3656 | D:4      | Reached skill level 1 in Fighting
  3656 | D:4      | Reached skill level 1 in Conjurations
  3707 | D:4      | Found a glowing golden altar of the Shining One.
  3766 | D:4      | Found an iron altar of Okawaru.
  3767 | D:4      | Found a hide-covered altar of Uskayaw.
  3805 | D:4      | Reached skill level 3 in Unarmed Combat
  3805 | D:4      | Reached XP level 6. HP: 35/55 MP: 3/7
  3999 | D:4      | Found a staircase to the Ecumenical Temple.
  4078 | Temple   | Entered the Ecumenical Temple
  4322 | Temple   | Became a worshipper of Vehumet
  4693 | D:5      | Entered Level 5 of the Dungeon
  4693 | D:5      | Noticed a water moccasin
  4700 | D:4      | Killed a water moccasin
  4795 | D:5      | Reached XP level 7. HP: 52/63 MP: 9/9
  4808 | D:5      | Reached skill level 4 in Unarmed Combat
  4838 | D:5      | Reached * piety under Vehumet
  4838 | D:5      | Offered knowledge of Magic Dart by Vehumet.
  5163 | D:5      | Reached skill level 5 in Unarmed Combat
  5478 | D:5      | Noticed Grinder
  5483 | D:5      | Paralysed by Grinder for 3 turns
  5490 | D:5      | Killed Grinder
  5491 | D:5      | Reached XP level 8. HP: 72/72 MP: 10/10
  5843 | D:5      | Reached skill level 6 in Unarmed Combat
  6321 | D:6      | Identified the +7 spear of Intimidation {venom, Drain rPois
                  | Will++}
  6321 | D:6      | Identified the +9 scale mail of the Heron {MP+9}
  6321 | D:6      | Identified the +4 buckler of Demonic Beauty {MP+9}
  6336 | D:6      | Found a transporter.
  6433 | D:6      | Found a transporter.
  6592 | D:6      | Reached skill level 7 in Unarmed Combat
  6608 | D:6      | Learned a level 4 spell: Airstrike
  6612 | D:6      | Learned a level 3 spell: Vampiric Draining
  6741 | D:6      | Offered knowledge of Freeze by Vehumet.
  7023 | D:6      | Reached XP level 9. HP: 79/80 MP: 12/12
  7093 | D:6      | Reached ** piety under Vehumet
  7367 | D:6      | Noticed Jortsu's ghost (novice DsFi)
  7407 | D:7      | Reached skill level 1 in Necromancy
  7997 | D:7      | Reached skill level 8 in Unarmed Combat
  8201 | D:7      | Found Cibolur's Weapon Shoppe.
  8974 | D:8      | Noticed a two-headed ogre
  9027 | D:8      | Noticed a five-headed hydra
  9031 | D:8      | Noticed Pikel
  9039 | D:7      | HP: 4/124 [eight-headed hydra (12)]
  9039 | D:7      | Mangled by an eight-headed hydra

Illustrated notes

Levels and vault maps discovered:
D:1:      minmay_arrival_three_doors, layout_basic,
          shapermc_ecumenical_altar_mp_highgroup
D:2:      layout_loops_cross, basic_altar, moated_statue, grunt_ministairs_15,
          uniq_natasha, uniq_crazy_yiuf_cottage
D:3:      layout_basic, nicolae_gozag_zags_fifth_avenue, minmay_diced_spiral
D:4:      layout_basic, tso_metal_star, jmf_multi_god_temple,
          minmay_temple_entry_poolview
D:5:      layout_basic, grunt_decor_one_mirror, uniq_grinder
D:6:      cheibrodos_two_vegetables, layout_basic, gammafunk_ghost_gnarly_gnolls
D:7:      layout_basic, serial_shops, shop, amcnicky_mini_rare_corridor_liquid,
          nicolae_concentric_dashed_squares_mild, serial_bayou_crossing
D:8:      nzn_winding_woodlands_cross [nzn_winding_woodlands_5x15_eye,
          nzn_winding_woodlands_5x15_sidewinder,
          nzn_winding_woodlands_5x15_river_crossing,
          nzn_winding_woodlands_5x15_pockets,
          nzn_winding_woodlands_15x15_five_gardens], layout_cave_pools,
          bh_walls_and_bars, uniq_pikel
Temple:   dpeg_five_rooms_temple

Skill      XL: |  1  2  3  4  5  6  7  8  9 |
---------------+----------------------------+-----
Dodging        | 2 3 4 |  4.2
Unarmed Combat | 1 2 3 5 7 8 |  8.3
Fighting       | 1 2 3 |  3.4
Conjurations   | 1 |  1.8
Spellcasting   | 2 3 |  3.9
Air Magic      | 3 4 |  4.1
Necromancy     | 1 |  1.7
Throwing       | |  0.2
Stealth        | |  1.7

Action                   |  1- 3 |  4- 6 |  7- 9 || total
-------------------------+-------+-------+-------++-------
Melee: Unarmed           |    98 |   131 |   319 ||   548
       Punch             |       |     4 |    21 ||    25
Throw: Large rock        |       |     5 |     1 ||     6
       Boomerang         |       |       |     1 ||     1
 Cast: Shock             |    22 |    37 |    54 ||   113
Evoke: Wand              |       |       |     1 ||     1
  Use: Scroll            |     5 |     4 |     8 ||    17
       Potion            |     1 |       |     5 ||     6
 Stab: Sleeping          |     1 |       |     3 ||     4
       Invisible         |       |       |     1 ||     1
       Paralysed         |       |       |     4 ||     4
Armor: Robe              |    47 |    39 |    55 ||   141
       Skin              |     4 |       |    39 ||    43
Dodge: Dodged            |    53 |    71 |   207 ||   331

Table legend: (Time is in decaauts)
 A = Elapsed time spent in this place.
 B = Non-inter-level travel time spent in this place.
 C = Inter-level travel time spent in this place.
 D = Time resting spent in this place.
 E = Time spent auto-exploring this place.
 F = Levels seen in this place.
 G = Mean time per level.
                   A        B        C        D        E       F      G
               +--------+--------+--------+--------+--------+-----+--------+
         Total |   9019 |   8638 |    381 |    905 |   6424 |   9 | 1002.1 |
       Dungeon |   8725 |   8424 |    301 |    905 |   6224 |   8 | 1090.6 |
        Temple |    293 |    213 |     80 |      0 |    200 |   1 |  293.0 |
               +--------+--------+--------+--------+--------+-----+--------+

Top non-repeatable levels by time:
     D:2: 1674 daAuts
     D:7: 1635 daAuts
     D:5: 1328 daAuts
     D:6: 1309 daAuts
     D:3: 980 daAuts
     D:4: 893 daAuts
     D:1: 888 daAuts
  Temple: 293 daAuts
     D:8: 14 daAuts
